 Dungeon Crawl Stone Soup version 0.22.1-1-ga44c0e5 (webtiles) character file.

3056 brandon the Cleaver (level 9, -3/82 HPs)
             Began as a Minotaur Berserker on Oct 3, 2018.
             Was an Elder of Trog.
             Hit by a stone thrown by something (9 damage)
             ... on level 7 of the Dungeon.
             The game lasted 00:14:18 (6084 turns).

brandon the Cleaver (Minotaur Berserker)            Turns: 6084, Time: 00:14:21

Health: -3/82      AC: 15    Str: 22    XL:     9   Next: 57%
Magic:  17/17      EV:  9    Int:  4    God:    Trog [****..]
Gold:   456        SH:  0    Dex: 18    Spells: 8/8 levels left

rFire    . . .     SeeInvis .   C - +4 battleaxe (elec)
rCold    . . .     Gourm    .   (shield currently unavailable)
rNeg     . . .     Faith    .   D - +0 plate armour
rPois    .         Spirit   .   (helmet restricted)
rElec    .         Reflect  .   o - +0 cloak
rCorr    .         Harm     .   (no gloves)
MR       .....                  e - +0 pair of boots
Stlth    ..........             f - amulet of magic regeneration
HPRegen  0.23/turn              H - +5 ring of dexterity
MPRegen  0.40/turn              B - ring of magical power

@: confused
A: retaliatory headbutt, horns 2
a: Berserk, Trog's Hand, Brothers in Arms, Renounce Religion


You were on level 7 of the Dungeon.
You worshipped Trog.
Trog was greatly pleased with you.
You were not hungry.

You visited 1 branch of the dungeon, and saw 7 of its levels.

You collected 456 gold pieces.

Inventory:

Hand Weapons
 C - a +4 battleaxe of electrocution (weapon)
Armour
 e - a +0 pair of boots (worn)
 o - a +0 cloak (worn)
 D - a +0 plate armour (worn)
Jewellery
 f - an amulet of magic regeneration (around neck)
 B - a ring of magical power (right hand)
 H - a +5 ring of dexterity (left hand)
Wands
 a - a wand of polymorph (17)
 t - a wand of disintegration (14)
 v - a wand of flame (12)
 y - a wand of paralysis (13)
Scrolls
 d - 2 scrolls of enchant armour {unknown}
 h - 3 scrolls of remove curse
 i - 4 scrolls of identify {unknown}
 m - a scroll of holy word {unknown}
 n - 3 scrolls of teleportation {unknown}
 p - 3 scrolls of fear
 u - a scroll of summoning {unknown}
 w - 2 scrolls of amnesia {unknown}
 x - a scroll of blinking {unknown}
 z - 2 scrolls of random uselessness {unknown}
 A - 2 scrolls of fog {unknown}
 F - 2 scrolls of magic mapping {unknown}
Potions
 b - 3 potions of heal wounds {unknown}
 g - 2 potions of mutation {unknown}
 j - a potion of haste {unknown}
 k - a potion of invisibility {unknown}
 l - 5 potions of lignification {unknown}
 q - a potion of brilliance {unknown}
 r - a potion of resistance {unknown}
 s - 2 potions of curing {unknown}
 G - a potion of degeneration {unknown}
Comestibles
 c - 12 rations


   Skills:
 + Level 8.9 Fighting
 + Level 11.6 Axes
 + Level 6.2 Armour
 + Level 4.7 Dodging
 + Level 2.3 Stealth


You had 8 spell levels left.
You didn't know any spells.
Your spell library contained the following spells:

 Spells                   Type           Power        Failure   Level  Hunger
 Summon Small Mammal      Summ           #...         100%        1    ##.....
 Call Imp                 Summ           #.......     100%        2    ###....
 Call Canine Familiar     Summ           #.......     100%        3    ####...
 Summon Guardian Golem    Hex/Summ       #.......     100%        3    ####...
 Summon Ice Beast         Ice/Summ       #.......     100%        4    #####..
 Summon Lightning Spire   Summ/Air       #.......     100%        4    #####..


Dungeon Overview and Level Annotations

Branches:
Dungeon (7/15)             Temple (0/1) D:7

Altars:
Makhleb
Vehumet


Innate Abilities, Weirdness & Mutations

You reflexively headbutt those who attack you in melee.
You have a pair of horns on your head.


Message History

You're too confused to move!
You hear some strange, mumbled words.
You are more confused.
A stone appears from out of thin air!
The stone hits you but does no damage.
You bump into the stone wall.
A stone appears from out of thin air!
The stone hits you but does no damage.
You're too confused to move!
A stone appears from out of thin air!
The stone hits you!
* * * LOW HITPOINT WARNING * * *
Unknown command.
You're too confused!
A stone appears from out of thin air!
The stone hits you but does no damage.
You see here a stone.
A stone appears from out of thin air!
The stone hits you.
* * * LOW HITPOINT WARNING * * *
You see here a stone.
You're too confused!
You bump into the rock wall.
A stone appears from out of thin air!
The stone hits you!
You die...

####...# # #.##...##
.....# # #.......# .....#
# +.# #...# #....# # #.#
#.⌠.# #....# #
#.###...###....# #
#.((...........# #
#(.⌠..{..⌠.....# ##
#@.............# .#
........###...###....# ##
#...........# #.⌠.# #....#
#...........###...###....#
.................#......#
.......##......##......#
#.....##......##......#
####.....##.......#......#
#.##......#.......#......#


There were no monsters in sight!

Vanquished Creatures
  Pikel (D:6)
  Grinder (D:6)
  A hippogriff (D:5)
  An orc warrior (D:6)
  3 ice beasts
  A sky beast (D:5)
  A slave (D:6)
  A phantom (D:5)
  2 ogres
  Blork the orc (D:6)
  A gnoll sergeant (D:7)
  2 bullfrogs (D:6)
  2 scorpions (D:5)
  2 howler monkeys
  3 crimson imps
  2 jellies (D:5)
  5 orc priests
  5 orc wizards
  5 hounds
  A centaur skeleton (D:4)
  A bullfrog skeleton (D:5)
  Jessica (D:3)
  4 iguanas
  Ijyb (D:3)
  4 worker ants
  A howler monkey zombie (D:5)
  5 gnolls (D:7)
  5 adders
  2 worms (D:2)
  3 dart slugs
  A leopard gecko (D:5)
  18 orcs
  8 giant cockroaches
  3 hobgoblins (D:1)
  8 jackals
  6 kobolds
  A quokka (D:6)
  A ball python (D:5)
  12 bats
  3 frilled lizards
  A giant cockroach zombie (D:3)
  7 goblins
  A leopard gecko zombie (D:5)
  4 rats
142 creatures vanquished.

Vanquished Creatures (others)
  A centaur (D:6)
1 creature vanquished.

Grand Total: 143 creatures vanquished

Notes
Turn   | Place    | Note
-------+----------+-------------------------------------------
     0 | D:1      | brandon the Minotaur Berserker began the quest for the Orb.
     0 | D:1      | Reached XP level 1. HP: 19/19 MP: 0/0
    83 | D:1      | Reached XP level 2. HP: 24/27 MP: 1/1
   237 | D:1      | Reached skill level 4 in Axes
   464 | D:1      | Reached ** piety under Trog
   591 | D:1      | Reached XP level 3. HP: 29/34 MP: 2/2
  1226 | D:3      | Noticed Ijyb
  1359 | D:3      | Killed Ijyb
  1359 | D:3      | Reached XP level 4. HP: 41/41 MP: 3/3
  1442 | D:3      | Reached skill level 5 in Fighting
  1442 | D:3      | Reached skill level 5 in Axes
  1444 | D:3      | Reached XP level 5. HP: 32/48 MP: 4/4
  1632 | D:3      | Noticed Jessica
  1639 | D:3      | Killed Jessica
  2050 | D:3      | Reached skill level 1 in Stealth
  2211 | D:3      | Reached XP level 6. HP: 45/57 MP: 5/5
  2893 | D:4      | Reached *** piety under Trog
  2995 | D:4      | Reached skill level 6 in Axes
  3810 | D:5      | Entered Level 5 of the Dungeon
  3833 | D:5      | Noticed a sky beast
  3836 | D:5      | Reached XP level 7. HP: 61/63 MP: 6/6
  3845 | D:5      | Reached skill level 7 in Axes
  4042 | D:5      | Found a radiant altar of Vehumet.
  4067 | D:5      | Reached skill level 8 in Axes
  4144 | D:5      | Noticed a hippogriff
  4152 | D:5      | Reached XP level 8. HP: 49/71 MP: 7/7
  4161 | D:5      | Killed a hippogriff
  4161 | D:5      | Reached skill level 9 in Axes
  4341 | D:5      | Reached **** piety under Trog
  4771 | D:6      | Reached skill level 10 in Axes
  4910 | D:6      | Reached skill level 5 in Armour
  5061 | D:6      | Noticed Pikel
  5071 | D:6      | Killed Pikel
  5071 | D:6      | Reached XP level 9. HP: 81/81 MP: 8/8
  5111 | D:6      | Got a faintly humming robe
  5145 | D:6      | Noticed Blork the orc
  5150 | D:6      | Killed Blork the orc
  5150 | D:6      | Reached skill level 11 in Axes
  5237 | D:6      | Noticed Grinder
  5245 | D:6      | Killed Grinder
  5921 | D:7      | Found a burning altar of Makhleb.
  6053 | D:7      | Found a staircase to the Ecumenical Temple.
  6084 | D:7      | Hit by a stone thrown by something

Skill      XL: |  1  2  3  4  5  6  7  8  9 |
---------------+----------------------------+-----
Fighting       | 4 5 6 8 |  8.9
Axes           | 4 5 6 8 10 11 | 11.6
Armour         | 3 5 6 |  6.2
Dodging        | 3 4 |  4.7
Stealth        | 1 2 |  2.3

Action                   |  1- 3 |  4- 6 |  7- 9 || total
-------------------------+-------+-------+-------++-------
Melee: Hand axe          |    73 |       |       ||    73
       Headbutt          |    13 |    13 |    28 ||    54
       War axe           |     5 |    83 |   137 ||   225
       Battleaxe         |       |       |    34 ||    34
Invok: Berserk           |     1 |     3 |     5 ||     9
  Use: Scroll            |       |     1 |     1 ||     2
 Stab: Sleeping          |       |     1 |       ||     1
  Eat: Ration            |     1 |     2 |     1 ||     4
       Chunk             |       |     4 |     7 ||    11
Armor: Animal skin       |    26 |    14 |       ||    40
       Scale mail        |       |    13 |    64 ||    77
       Plate armour      |       |       |    43 ||    43
Dodge: Dodged            |    71 |    54 |    89 ||   214
